 Dungeon Crawl Stone Soup version 0.31.0-4-g52a2dc7128 (webtiles) character file.

Game seed: 1614384432951885844

43 Arcadio the Shooter (level 3, -7/18 HPs)
             Began as a Spriggan Hunter on Jan 22, 2024.
             Was a Follower of Okawaru.
             Mangled by Terence
             ... wielding a +2 falchion of flaming
              (12 damage)
             ... on level 2 of the Dungeon.
             The game lasted 00:02:00 (808 turns).

Arcadio the Shooter (Spriggan Hunter)                Turns: 808, Time: 00:02:01

Health: -7/18      AC:  2    Str:  7    XL:     3   Next: 37%
Magic:  4/4        EV: 19    Int: 10    God:    Okawaru [*.....]
Gold:   84         SH:  0    Dex: 20    Spells: 2/2 levels left

rFire   . . .        a - +0 shortbow
rCold   . . .        (shield currently unavailable)
rNeg    . . .        c - +0 robe
rPois   .            (helmet restricted)
rElec   .            (no cloak)
rCorr   .            (gloves unavailable)
SInv    +            (boots unavailable)
Will    .....        (no amulet)
Stlth   ++           (no ring)
HPRegen 0.23/turn    (no ring)
MPRegen 0.09/turn

%: no passive effects
@: very quick
A: very small, no large weapons, unfitting armour, see invisible, speed 3
a: Renounce Religion, Heroism


You were on level 2 of the Dungeon.
You worshipped Okawaru.
Okawaru was aware of your devotion.
You visited 1 branch of the dungeon, and saw 2 of its levels.

You collected 84 gold pieces.

Inventory:

Hand Weapons
 a - a +0 shortbow (weapon)
Armour
 c - a +0 robe (worn)
Scrolls
 b - 2 scrolls of butterflies
 h - a scroll of enchant weapon {unknown}
Potions
 d - a potion of invisibility {unknown}
 e - a potion of mutation {unknown}
 f - a potion of haste {unknown}
 g - 2 potions of curing {unknown}


   Skills:
 + Level 2.2 Fighting
 + Level 4.4 Ranged Weapons
 + Level 3.6 Dodging
 - Level 1.5 Stealth


You had 2 spell levels left.
You didn't know any spells.
Your spell library contained the following spells:

 Spells                   Type           Power      Damage    Failure   Level
 Volatile Blastmotes      Fire/Tloc      0%         2d10      75%         3
 Fulminant Prism          Conj/Alch      0%         3d5       98%         4
 Iskenderun's Mystic Bla  Conj/Tloc      0%         2d3       98%         4


Dungeon Overview and Level Annotations

Branches:
Dungeon (2/15)

Altars:
Okawaru

Annotations:
D:2 Terence


Innate Abilities, Weirdness & Mutations

You are very small and have problems with some larger weapons.
You are too small for most types of armour.
You have supernaturally acute eyesight. (SInv)
You cover ground extremely quickly. (Speed+++)


Message History

You shoot an arrow. The arrow hits the adder.
The adder is moderately wounded.
You shoot an arrow. The arrow closely misses the adder.
The arrow hits the jackal.
The jackal is severely wounded.
The adder misses you. The adder bites you.
You shoot an arrow. The arrow closely misses the adder.
The arrow closely misses the jackal.
The arrow hits Terence.
Terence is lightly wounded.
The adder closely misses you.
You shoot an arrow. The arrow hits the adder.
The adder is severely wounded.
The adder bites you. x2
You shoot an arrow. The arrow closely misses the adder.
The arrow hits the jackal.
You kill the jackal!
Okawaru accepts your kill. The adder closely misses you.
You shoot an arrow. The arrow hits the adder.
The adder is almost dead.
The adder bites you but does no damage. The adder closely misses you.
You shoot an arrow. The arrow hits the adder.
You kill the adder!
Okawaru accepts your kill.
Terence hits you with a +2 falchion of flaming!
Terence burns you.
Fire: a) +0 shortbow
Press: ? - help, Q - select action, (/) - cycle Shift-Dir - straight line, f - Terence
Aim: Terence, wielding a +2 falchion of flaming and wearing a +0 ring mail (lightly wounded, 69% to hit)
You shoot an arrow. The arrow barely misses Terence.
The arrow hits the jackal.
The jackal is almost dead.
Terence misses you.
Okay, then.
You shoot an arrow. The arrow hits Terence!
Terence is heavily wounded.
Terence looks scornfully at you.
Terence hits you with a +2 falchion of flaming!
Ouch! That really hurt!
You die...
Terence says, "That felt goooood."

#.####.......###...##.###
.........######..........#
..#####.........#.##.....#
.......########.#......#
.####.## ##.#.###### #..#
#....# ..... ##...##
##......####..###
#.....†.h@@..# ..
....#####.# . .... ....#
.....# .....# #######


You could see Terence and a jackal.

Vanquished Creatures
  An adder (D:2)
  A gnoll (D:1)
  An endoplasm (D:1)
  A giant cockroach (D:1)
  5 hobgoblins (D:1)
  2 jackals (D:2)
  A kobold (D:1)
  2 quokkas
  3 bats (D:1)
  A frilled lizard (D:1)
  5 rats (D:1)
23 creatures vanquished.

Notes
Turn   | Place    | Note
-------+----------+-------------------------------------------
     0 | D:1      | Arcadio the Spriggan Hunter began the quest for the Orb.
     0 | D:1      | Reached XP level 1. HP: 10/10 MP: 2/2
    91 | D:1      | Reached XP level 2. HP: 15/15 MP: 3/3
   425 | D:1      | Found a faded altar of an unknown god.
   429 | D:1      | Reached XP level 3. HP: 18/18 MP: 4/4
   431 | D:1      | Prayed at the altar of an unknown god.
   431 | D:1      | Became a worshipper of Warmaster Okawaru
   431 | D:1      | Reached * piety under Okawaru
   797 | D:2      | Noticed Terence
   808 | D:2      | Mangled by Terence

Illustrated notes

Levels and vault maps discovered:
D:1:      amcnicky_arrival_abandoned_market, layout_basic,
          shapermc_ecumenical_altar_venn
D:2:      layout_rooms, uniq_terence, uniq_sigmund, uniq_crazy_yiuf_cottage

Skill      XL: |  1  2 |
---------------+-------+-----
Dodging        | 3 |  3.6
Fighting       | 2 |  2.2
Ranged Weapons | |  4.4
Stealth        | |  1.5

Action                     || total
---------------------------++-------
   Fire: Shortbow          ||    62
 Armour: Robe              ||     7
  Dodge: Dodged            ||    13
